[Event "Early-Titled-Tuesday-Blitz-February-06-2024"]
[Site "Chess.com"]
[Date "2024.02.06"]
[Round "1"]
[White "Flameboard08"]
[Black "jlmanzanares"]
[Result "1-0"]
[WhiteElo "2549"]
[BlackElo "2034"]
[TimeControl "180+1"]
[EndTime "8:06:12 PST"]
[Termination "Flameboard08 won by resignation"]

1. f4 c6 2. Nf3 d5 3. d3 Nf6 4.
g3 e6 5. Bg2 Be7 6. O-O O-O 7.
h3 Nbd7 8. Nbd2 Re8 9. e4 dxe4 10. dxe4 Nc5 11. e5 Nfe4 12. Nxe4 Nxe4 13. Qe1 Qb6+ 14. Kh2 f5 15. exf6 Nxf6 16. b3 Bc5 17. Bb2 Nd5 18.
Qe5 Qc7 19. Qxc7 Nxc7 20. c4 h6 21. Rad1 a5 22. a3 b5 23. Ne5 Bb7 24. Nxc6 bxc4 25. Rd7 Bxc6 26. Bxc6 Nd5 27. Bxa8 Rxa8 28. bxc4 Ne3 29.
Rxg7+ Kf8 30. Re1 Rb8 31. Re2 Rxb2 32. Rxb2 Kxg7 33. Rb5 Bxa3 34. Rxa5 Bc1 35. c5 Nd5 36. c6 Kf6 37. Rxd5 exd5 38. c7 Ke6 39. c8=Q+ Kd6 40.
Qxc1 1-0

[Event "Early-Titled-Tuesday-Blitz-February-06-2024"]
[Site "Chess.com"]
[Date "2024.02.06"]
[Round "1"]
[White "shimastream"]
[Black "kleopl"]
[Result "1-0"]
[WhiteElo "3027"]
[BlackElo "2514"]
[TimeControl "180+1"]
[EndTime "8:06:14 PST"]
[Termination "shimastream won by resignation"]

1. Nf3 c5 2. e4 d6 3. Nc3 Nf6 4. e5 dxe5 5. Nxe5 a6 6. Be2 Qc7 7. d4 e6 8. Bf4 Bd6 9. Na4 cxd4 10. Qxd4 Nc6 11. Nxc6 Bxf4 12. Nb6 e5 13. Qc5 Rb8 14. g3 Qxc6 15. Qxc6+ bxc6 16. Nxc8 Bxg3 17. Nd6+ Kd7 18. Nxf7 Rhf8 19. hxg3 Rxf7 20. Bxa6 Rxb2 21. O-O-O+ Kc7 22. Kxb2 1-0

[Event "Early-Titled-Tuesday-Blitz-February-06-2024"]
[Site "Chess.com"]
[Date "2024.02.06"]
[Round "1"]
[White "jens1102"]
[Black "Khromkin"]
[Result "1-0"]
[WhiteElo "2639"]
[BlackElo "2317"]
[TimeControl "180+1"]
[EndTime "8:06:14 PST"]
[Termination "jens1102 won on time"]

1. c3 c5 2. d4 cxd4 3. cxd4 g6 4. Nf3 Bg7 5. Nc3 d6 6. g3 h5 7. Bg2 Nc6 8. h3 Nh6 9. d5 Ne5 10. Nxe5 Bxe5 11. Qa4+ Bd7 12. Qb4 Nf5 13. Bf4 Bg7 14. O-O O-O 15. Rfd1 a5 16. Qe4 b5 17. a3 Re8 18.
Rac1 Qb6 19. g4 hxg4 20. hxg4 Nh4 21. Be3 Qb7 22. Bd4 Nxg2 23. Kxg2 f5 24. Qd3 b4 25.
Bxg7 Kxg7 26. Qd4+ Kf7 27. Rh1 Rg8 28. Rh7+ Ke8 29. Qe3 Bc8 30. Nb5 Qxd5+ 31. f3 1-0

[Event "Early-Titled-Tuesday-Blitz-February-06-2024"]
[Site "Chess.com"]
[Date "2024.02.06"]
[Round "1"]
[White "Shivagami"]
[Black "Lady_Nika"]
[Result "0-1"]
[WhiteElo "2202"]
[BlackElo "2585"]
[TimeControl "180+1"]
[EndTime "8:06:14 PST"]
[Termination "Lady_Nika won by resignation"]

1. d4 d5 2. c4 e6 3. Nc3 f5 4. Bf4 Nf6 5. e3 c6 6. Nf3 Bd6 7. Ne5 O-O 8. Be2 Ne4 9. f3 Nxc3 10. bxc3 Qe7 11. c5 Bc7 12. h4 Qd8 13. g4 fxg4 14. fxg4 Nd7 15. Nd3 Bxf4 16. Nxf4 Qe7 17. Qc2 e5 18. Ng2 Nf6 19. O-O-O Bxg4 20. Rhg1 Bxe2 21. Qxe2 Ne4 22. Qe1 Rf2 23. Kb1 Raf8 24. h5 Qc7 25. h6 Qa5 0-1

[Event "Early-Titled-Tuesday-Blitz-February-06-2024"]
[Site "Chess.com"]
[Date "2024.02.06"]
[Round "1"]
[White "BillieKimbah"]
[Black "AA95"]
[Result "1-0"]
[WhiteElo "2935"]
[BlackElo "2500"]
[TimeControl "180+1"]
[EndTime "8:06:15 PST"]
[Termination "BillieKimbah won on time"]

1. d4 Nf6 2. Nf3 g6 3. Bf4 Bg7 4. Nbd2 Nh5 5. Be5 d6 6. Bxg7 Nxg7 7. e4 O-O 8. Bd3 c5 9. c3 Nc6 10. d5 Ne5 11. Nxe5 dxe5 12. Nc4 Qc7 13. a4 Nh5 14.
g3 Bd7 15. O-O Bh3 16. Re1 Bd7 17. Qd2 Rad8 18. Qg5 f6 19. Qe3 Bc8 20. b4 cxb4 21.
cxb4 Qd7 22. Qxa7 Qh3 23. Bf1 Qd7 24. Qc5 e6 25. d6 Qg7 26. Nb6 Bd7 27. a5 f5 28. a6 f4 29. a7 fxg3 30. hxg3 Qh6 31. Nxd7 Rxd7 32. a8=Q Rf7 33. Qe3 Nf4 34. gxf4 exf4 35.
Qf3 Qg5+ 36. Bg2 Qe5 37. Red1 h5 38. d7 Rxa8 39. Rxa8+ Kg7 40. d8=Q 1-0

[Event "Early-Titled-Tuesday-Blitz-February-06-2024"]
[Site "Chess.com"]
[Date "2024.02.06"]
[Round "1"]
[White "Thunderbolt135"]
[Black "MelihKaanCan"]
[Result "1-0"]
[WhiteElo "2691"]
[BlackElo "2376"]
[TimeControl "180+1"]
[EndTime "8:06:15 PST"]
[Termination "Thunderbolt135 won by checkmate"]

1. c4 e5 2. Nc3 Nf6 3. g3 c6 4. Bg2 d5 5. cxd5 cxd5 6. d3 Nc6 7. Nf3 Bb4 8. O-O O-O 9. Bg5 Bxc3 10. bxc3 h6 11.
Bxf6 Qxf6 12. Nd2 Be6 13. Rb1 Rab8 14. Qa4 Rfc8 15. Rfc1 a6 16. Qa3 b5 17. Qxa6 Ra8 18. Qxb5 Rxa2 19. Rb2 Rxb2 20. Qxb2 Rb8 21. Qc2 Rc8 22.
Qa4 Qg5 23. Rd1 Ne7 24. Qb4 Nc6 25. Qd6 Ne7 26. Nf3 Qf6 27. Qxe5 Qxe5 28. Nxe5 Rxc3 29. Ra1 f6 30. Nf3 Rc2 31. Nd4 Rd2 32. Nxe6 Rxe2 33.
Nf4 Re5 34. d4 Rf5 35. Ra8+ Kf7 36. Bh3 Rg5 37. Be6# 1-0

[Event "Early-Titled-Tuesday-Blitz-February-06-2024"]
[Site "Chess.com"]
[Date "2024.02.06"]
[Round "1"]
[White "Ruchess27"]
[Black "snowlord"]
[Result "0-1"]
[WhiteElo "2473"]
[BlackElo "2870"]
[TimeControl "180+1"]
[EndTime "8:06:16 PST"]
[Termination "snowlord won on time"]

1. d4 Nf6 2. c4 Nc6 3. Nf3 d6 4. g3 e5 5. d5 Ne7 6. Bg2 Ng6 7. Nc3 Be7 8. O-O O-O 9. e4 Ne8 10.
Ne1 f5 11. exf5 Bxf5 12. Nd3 Bg5 13. f4 Bxd3 14. Qxd3 exf4 15. Ne4 Bh6 16. gxf4 Bxf4 17. Bxf4 Nxf4 18. Qe3 Qh4 19. Rf3 Qg4 20. Ng3 g5 21. Raf1 Ng7 22. Kh1 Nf5 23. Qf2 Nh4 24. h3 Qd7 25.
Rxf4 Rxf4 26. Qe3 Raf8 27. Rg1 Nxg2 28. Rxg2 Qxh3+ 29. Kg1 Rf1+ 30. Nxf1 Rxf1+ 0-1

[Event "Early-Titled-Tuesday-Blitz-February-06-2024"]
[Site "Chess.com"]
[Date "2024.02.06"]
[Round "1"]
[White "kai_nov"]
[Black "Yurovskykh_Oleksandr"]
[Result "0-1"]
[WhiteElo "2303"]
[BlackElo "2625"]
[TimeControl "180+1"]
[EndTime "8:06:18 PST"]
[Termination "Yurovskykh_Oleksandr won by resignation"]

1. e4 e6 2. d4 d5 3. e5 c5 4. c3 Qb6 5. Nf3 Nc6 6. Be2 cxd4 7. cxd4 Nge7 8. O-O Nf5 9. Nc3 Nfxd4 10. Nxd4 Qxd4 11.
Nb5 Qxd1 12. Rxd1 Rb8 13. Bf4 a6 14. Nd6+ Bxd6 15. exd6 e5 16. Bg3 d4 17. Bf3 f6 18.
Bd5 g5 19. h4 h6 20. h5 Bg4 21. f3 Bxh5 22. Rac1 Kd7 23. Be4 Bf7 24. b3 Rbc8 25.
Kf2 h5 26. Bh2 h4 27. Rd3 Rhg8 28. a3 Bg6 29. Bxg6 Rxg6 30. b4 Rgg8 31. Rc5 Kxd6 32. Rxd4+ 0-1

[Event "Early-Titled-Tuesday-Blitz-February-06-2024"]
[Site "Chess.com"]
[Date "2024.02.06"]
[Round "1"]
[White "Alexei_Kornev"]
[Black "ilushka"]
[Result "0-1"]
[WhiteElo "2705"]
[BlackElo "2414"]
[TimeControl "180+1"]
[EndTime "8:06:19 PST"]
[Termination "ilushka won by resignation"]

1. d4 e6 2. c4 b6 3. Nc3 Bb7 4. a3 f5 5. d5 Nf6 6. Nf3 Be7 7. Bf4 O-O 8. h3 Ne4 9. Rc1 Bf6 10. Be5 Bxe5 11. Nxe5 Qf6 12. Nxe4 fxe4 13. Ng4 Qxb2 14. dxe6 dxe6 15. Qc2 Qxa3 16. e3 Qb4+ 17. Qc3 Qxc3+ 18. Rxc3 Nc6 19. Be2 h5 20. Nh2 g6 21.
Nf1 Rfd8 22. Nd2 Ne5 23. c5 Rac8 24. Nc4 Nxc4 25. Bxc4 Bd5 26. Ba6 Ra8 27. O-O Rdb8 28. Bc4 b5 29. Bxd5 exd5 30. c6 Rb6 31. Rc5 Rd8 32. Ra1 a6 33. h4 Rd6 34. Rd1 Rbxc6 35.
Rdxd5 Rxc5 36. Rxc5 c6 37. f3 exf3 38. gxf3 a5 39.
e4 a4 40. e5 Rd5 41. Rxc6 Rxe5 42. Rxg6+ Kf7 43. Ra6 Re2 44. f4 Rb2 45. f5 Rb3 46. Kf2 a3 47. Ke2 b4 48. Kf2 Rb2+ 49. Kf3 a2 50. Kf4 b3 51. Ke5 Re2+ 52. Kf4 Re1 53. Ra7+ Ke8 54. Ra8+ Kd7 0-1

[Event "Early-Titled-Tuesday-Blitz-February-06-2024"]
[Site "Chess.com"]
[Date "2024.02.06"]
[Round "1"]
[White "LuisFSiles"]
[Black "maximnovik"]
[Result "0-1"]
[WhiteElo "2252"]
[BlackElo "2602"]
[TimeControl "180+1"]
[EndTime "8:06:19 PST"]
[Termination "maximnovik won by resignation"]

1. e4 c6 2. d4 d5 3. exd5 cxd5 4. c4 Nf6 5. Nc3 g6 6. cxd5 Nxd5 7. Bc4 Nxc3 8. Qb3 e6 9. bxc3 Be7 10. Bh6 Bf8 11.
Bxf8 Kxf8 12. h4 h6 13. h5 g5 14. Nf3 Nc6 15. Rd1 Qf6 16. Bb5 Bd7 17. Kf1 Kg7 18.
Ne5 Nxe5 19. dxe5 Bxb5+ 20. Qxb5 Qf5 21. Qxb7 Rhd8 22. Re1 Rd2 23. Qf3 Qxf3 24. gxf3 Rb8 25. Re4 Rb1+ 26. Kg2 Rxh1 27. Kxh1 Rxf2 28. Re3 Rxa2 29.
f4 gxf4 30. Rf3 Re2 31. Rxf4 Rxe5 32. Rg4+ Kf8 33. Ra4 Rxh5+ 34. Kg2 a5 0-1

[Event "Early-Titled-Tuesday-Blitz-February-06-2024"]
[Site "Chess.com"]
[Date "2024.02.06"]
[Round "1"]
[White "SARGISMV"]
[Black "KaterynaLagno"]
[Result "0-1"]
[WhiteElo "2459"]
[BlackElo "2837"]
[TimeControl "180+1"]
[EndTime "8:06:20 PST"]
[Termination "KaterynaLagno won by checkmate"]

1. d4 Nf6 2. c4 e6 3. Nc3 d5 4.
Bg5 dxc4 5. e3 c5 6. Bxc4 cxd4 7. exd4 Nc6 8. Nf3 Be7 9. O-O O-O 10. Re1 a6 11. d5 Nxd5 12. Bxd5 Bxg5 13. Bxc6 bxc6 14.
Nxg5 Qxg5 15. Qd6 Ra7 16. Re3 Rd7 17. Qa3 Rfd8 18. Rg3 Qe7 19. Qa5 c5 20. h4 Bb7 21.
h5 h6 22. Re1 Rd4 23. Qb6 Rh4 24. Na4 Rxh5 25. Rc1 Rd6 26. Qa7 Rg5 27. Rxc5 Rxg3 28.
fxg3 Rd2 29. Rc8+ Kh7 30. Rb8 Rxg2+ 31. Kf1 Qf6+ 32. Ke1 Qe5+ 33. Kd1 Qe2+ 34. Kc1 Qc2# 0-1

[Event "Early-Titled-Tuesday-Blitz-February-06-2024"]
[Site "Chess.com"]
[Date "2024.02.06"]
[Round "1"]
[White "Ati1517"]
[Black "bazar-wokzal"]
[Result "0-1"]
[WhiteElo "2241"]
[BlackElo "2594"]
[TimeControl "180+1"]
[EndTime "8:06:21 PST"]
[Termination "bazar-wokzal won by resignation"]

1. e4 c5 2. Nf3 d6 3. d4 cxd4 4. Nxd4 Nf6 5. Nc3 a6 6. Bg5 e6 7. Bc4 Be7 8. O-O b5 9. Bb3 h6 10. Bxf6 Bxf6 11. Re1 Bb7 12. Qd2 Qb6 13. Rad1 Nd7 14.
Kh1 Nc5 15. f4 O-O 16. e5 dxe5 17. fxe5 Bg5 18. Qf2 Nxb3 19. axb3 Rad8 20. h4 Be7 21. Ne4 Qc7 22. Qe3 Bxh4 23. g3 Bxe4+ 24. Qxe4 Bxg3 25. Rg1 Qxe5 26. Qf3 0-1

[Event "Early-Titled-Tuesday-Blitz-February-06-2024"]
[Site "Chess.com"]
[Date "2024.02.06"]
[Round "1"]
[White "APOKALIPSA13"]
[Black "RandomNoob04"]
[Result "1-0"]
[WhiteElo "2199"]
[BlackElo "2555"]
[TimeControl "180+1"]
[EndTime "8:06:21 PST"]
[Termination "APOKALIPSA13 won by resignation"]

1. e4 e5 2. d4 exd4 3. c3 Nc6 4.
cxd4 d5 5. e5 f6 6. f4 fxe5 7.
dxe5 Bc5 8. Nf3 Nge7 9. a3 a5 10.
Qc2 Bb6 11. Bd3 g6 12. h4 Nf5 13. h5 Ncd4 14. Nxd4 Nxd4 15. Qd1 g5 16. h6 g4 17. f5 Qe7 18. Qxg4 Qxe5+ 19. Kd1 Nxf5 20. Qh5+ Kf8 21.
Rf1 Qd4 22. Rxf5+ Bxf5 23. Qxf5+ Ke8 24. Nc3 Qg1+ 25. Kc2 Qxg2+ 26. Bd2 Be3 27. Qe6+ Kd8 28. Qxe3 Re8 29. Qg5+ Qxg5 30. Bxg5+ Kd7 31. Bxh7 Re5 32. Rg1 Rh8 33. Bf6 Rxh7 34. Bxe5 Rxh6 35. Nxd5 Ke6 36. Bf4 Rh4 37. Nxc7+ Kd7 38. Rg7+ Kc6 39. Bg3 Rc4+ 40. Kb3 b5 41. Ne6 a4+ 42. Ka2 b4 43. Rc7+ Kd5 44.
Rxc4 b3+ 45. Kb1 Kxc4 46. Bf2 Kb5 47. Nc5 Ka5 48. Kc1 Kb5 49. Kd2 Ka5 50. Kc3 Kb5 51.
Kd4 Ka5 52. Kc4 1-0

[Event "Early-Titled-Tuesday-Blitz-February-06-2024"]
[Site "Chess.com"]
[Date "2024.02.06"]
[Round "1"]
[White "NMJeevanK"]
[Black "Chesstiger64"]
[Result "1/2-1/2"]
[WhiteElo "2582"]
[BlackElo "2244"]
[TimeControl "180+1"]
[EndTime "8:06:22 PST"]
[Termination "Game drawn by repetition"]

1. e4 e6 2. d4 d5 3. exd5 exd5 4. Nf3 Bd6 5. Bd3 Ne7 6. O-O Nbc6 7. h3 Bf5 8. c3 Qd7 9. b4 f6 10. b5 Na5 11. a4 Bxd3 12. Qxd3 Qf5 13. Qe2 O-O-O 14. Ba3 Rhe8 15. Bxd6 Rxd6 16. Na3 Re6 17. Qa2 Ng6 18. c4 Re2 19. Qb1 Qxb1 20. Raxb1 dxc4 21. Rbc1 Nf4 22. Nxc4 Nxc4 23. Rxc4 Nd5 24. Rc5 Rd8 25. a5 b6 26.
axb6 axb6 27. Rc4 Rb2 28. Rfc1 Rxb5 29. Nh4 g6 30. Rc6 Rd7 31. Nf3 Kb7 32. R6c2 Re7 33. Ra2 Ra5 34. Rxa5 bxa5 35. Rc5 Nf4 36. Rxa5 Ne2+ 37.
Kh2 Rd7 38. Ra4 Kb6 39. g3 Kb5 40. Ra7 Kb6 41. Ra4 Kb5 42. Ra7 Kb6 43. Ra4 1/2-1/2

[Event "Early-Titled-Tuesday-Blitz-February-06-2024"]
[Site "Chess.com"]
[Date "2024.02.06"]
[Round "1"]
[White "FabianoCaruana"]
[Black "Baronessa08"]
[Result "1-0"]
[WhiteElo "3047"]
[BlackElo "2522"]
[TimeControl "180+1"]
[EndTime "8:06:24 PST"]
[Termination "FabianoCaruana won by resignation"]

1. d4 d5 2. Bf4 Nf6 3. e3 e6 4.
Nf3 c5 5. Nbd2 Nc6 6. c3 cxd4 7. exd4 Nh5 8. Be3 Bd6 9. g3 O-O 10. Bb5 g6 11. O-O Ng7 12. Bh6 f6 13. Re1 Re8 14. Nb3 Nf5 15. Bd2 Qb6 16. Bf1 e5 17. dxe5 fxe5 18. c4 d4 19. Bd3 Qd8 20. Bg5 Be7 21.
Bxe7 Rxe7 22. Be4 Qc7 23. Nc5 b6 24. Nd3 Bb7 25. b4 Rae8 26. Rc1 Nd8 27. Bxb7 Nxb7 28. Rxe5 Rxe5 29. Nfxe5 Rxe5 30. Nxe5 Qxe5 31. Qf3 Nbd6 32. c5 bxc5 33. bxc5 Nb5 34. Qb3+ 1-0

[Event "Early-Titled-Tuesday-Blitz-February-06-2024"]
[Site "Chess.com"]
[Date "2024.02.06"]
[Round "1"]
[White "carokannlover213"]
[Black "eCztery"]
[Result "1-0"]
[WhiteElo "2777"]
[BlackElo "2431"]
[TimeControl "180+1"]
[EndTime "8:06:25 PST"]
[Termination "carokannlover213 won by checkmate"]

1. d4 Nf6 2. c4 e6 3. Nf3 Bb4+ 4. Nbd2 d5 5. a3 Bxd2+ 6. Bxd2 O-O 7. e3 Ne4 8. Bd3 f5 9. O-O Nd7 10. Bb4 Rf6 11. Ne5 Rh6 12. f3 Qh4 13. fxe4 Qxh2+ 14. Kf2 Nxe5 15. dxe5 Rh3 16. Ke1 Qxg2 17. Qe2 Qg3+ 18. Qf2 Qxe5 19. Bc3 Qd6 20. exd5 exd5 21. cxd5 Bd7 22.
Bxf5 Re8 23. Bxh3 h6 24. Qf7+ Kh8 25. Qxg7# 1-0

[Event "Early-Titled-Tuesday-Blitz-February-06-2024"]
[Site "Chess.com"]
[Date "2024.02.06"]
[Round "1"]
[White "ValiantCeleb"]
[Black "Kostya0705"]
[Result "0-1"]
[WhiteElo "2283"]
[BlackElo "2618"]
[TimeControl "180+1"]
[EndTime "8:06:26 PST"]
[Termination "Kostya0705 won by checkmate"]

1. e4 c5 2. Nf3 e6 3. d4 cxd4 4. Nxd4 Nc6 5. Nc3 Qc7 6. Nxc6 bxc6 7. Bd3 Nf6 8. O-O d5 9. Re1 Be7 10. Bg5 h6 11. Bd2 O-O 12. Qf3 a5 13. e5 Nd7 14.
Qg3 Kh8 15. Kh1 Ba6 16. f4 Nc5 17. Bxa6 Rxa6 18. Be3 Rb8 19. b3 Nd7 20. Na4 c5 21. Qf2 d4 22. Bd2 Nb6 23. Nxb6 Qxb6 24. f5 exf5 25.
Qxf5 Rf8 26. Rf1 a4 27. Qd3 Ra7 28. Rab1 axb3 29. axb3 Qe6 30. Rbe1 Rc7 31. Ba5 Rc6 32. Re4 Ra8 33. Bd2 Rf8 34. Bf4 Rd8 35. Bg3 Bg5 36. Bh4 Bxh4 37. Rxh4 Qxe5 38. Re4 Qd5 39. Ref4 Rc7 40. Qg3 Re7 41. Rg4 f5 42. Rgf4 Re5 43. h3 Rde8 44. Kh2 Kh7 45. Qf2 g6 46. Qd2 Re2 47.
Qa5 Qxg2# 0-1

[Event "Early-Titled-Tuesday-Blitz-February-06-2024"]
[Site "Chess.com"]
[Date "2024.02.06"]
[Round "1"]
[White "Zhigalko_Sergei"]
[Black "Muslim_player_05"]
[Result "1-0"]
[WhiteElo "2944"]
[BlackElo "2501"]
[TimeControl "180+1"]
[EndTime "8:06:27 PST"]
[Termination "Zhigalko_Sergei won by resignation"]

1. e4 e5 2. Nf3 Nc6 3. Bc4 Bc5 4. b4 Bxb4 5. c3 Be7 6. d4 Na5 7. Bd3 d6 8. dxe5 dxe5 9. Nxe5 Nf6 10. O-O O-O 11. Qc2 Be6 12. Nd2 Qd6 13. f4 Rad8 14. Ndf3 Nc4 15. Kh1 Nxe5 16. Nxe5 Ng4 17. Nxg4 Qxd3 18.
Qxd3 Rxd3 19. f5 Bc8 20. h3 Rxc3 21. f6 gxf6 22. Bb2 Rc2 23. Nxf6+ Bxf6 24. Bxf6 Re8 25. Rad1 h5 26. Rd5 Rxe4 27. Rxh5 1-0

[Event "Early-Titled-Tuesday-Blitz-February-06-2024"]
[Site "Chess.com"]
[Date "2024.02.06"]
[Round "1"]
[White "unclear15"]
[Black "The_Machine04"]
[Result "0-1"]
[WhiteElo "2389"]
[BlackElo "2709"]
[TimeControl "180+1"]
[EndTime "8:06:27 PST"]
[Termination "The_Machine04 won by resignation"]

1. e4 d6 2. d4 Nf6 3. Nc3 e5 4. Nf3 Nbd7 5. Bc4 Be7 6. O-O c6 7. a4 h6 8. Be3 Qc7 9. a5 Nf8 10. a6 b5 11. Bd3 Ng6 12. Ne2 O-O 13. Ng3 Rb8 14. c3 Re8 15. Re1 Bf8 16. b4 Nf4 17.
Bxf4 exf4 18. Nf1 Rb6 19. e5 dxe5 20. Nxe5 Rxa6 21. Qf3 Rxa1 22. Rxa1 Nd5 23. Be4 Be6 24.
Nd2 Bd6 25. Nd3 Ra8 26. Nc5 a5 27. Bc2 Bxc5 28. bxc5 Re8 29. Be4 Nf6 30. Bc2 Bd5 31.
Qd3 a4 32. f3 Re3 33. Qf1 Rxc3 34. Bb1 Re3 35. Qc1 Qa5 36. Qc2 Qc3 37. Nf1 Qxa1 38.
Nxe3 fxe3 39. g3 Qxd4 40. Kf1 Bc4+ 41. Ke1 Qd2+ 42. Qxd2 exd2+ 43. Kxd2 a3 44. Kc3 a2 45. Bxa2 Bxa2 46. Kd4 Bd5 47. Ke5 Bxf3 48. Kd6 Bd5 49. Kc7 Ne4 50. Kb6 b4 51. Ka5 b3 52. Ka4 b2 53. Ka3 b1=Q 0-1

[Event "Early-Titled-Tuesday-Blitz-February-06-2024"]
[Site "Chess.com"]
[Date "2024.02.06"]
[Round "1"]
[White "Ind1anStar"]
[Black "javirec"]
[Result "1-0"]
[WhiteElo "2607"]
[BlackElo "2269"]
[TimeControl "180+1"]
[EndTime "8:06:27 PST"]
[Termination "Ind1anStar won on time"]

1. d4 Nf6 2. c4 d6 3. Nc3 e5 4. d5 Bf5 5. g3 Nbd7 6. Bg2 e4 7. Qd4 Qe7 8. Nh3 h6 9. O-O g6 10. Nb5 Nb6 11. Nxc7+ Qxc7 12. Qxf6 Rg8 13. Qd4 Bg7 14. Qe3 Qxc4 15. Nf4 Nxd5 16. Nxd5 Qxd5 17. g4 Bd4 18. Qd2 Be6 19. Rd1 e3 20. Qxd4 exf2+ 21. Kxf2 Qb5 22. Qxd6 Bxg4 23. Qd3 Qb6+ 24. Be3 Qxe3+ 25.
Qxe3+ 1-0

[Event "Early-Titled-Tuesday-Blitz-February-06-2024"]
[Site "Chess.com"]
[Date "2024.02.06"]
[Round "1"]
[White "luckyswitchback"]
[Black "ElDivis"]
[Result "1-0"]
[WhiteElo "2700"]
[BlackElo "2380"]
[TimeControl "180+1"]
[EndTime "8:06:28 PST"]
[Termination "luckyswitchback won by resignation"]

1. e4 c5 2. Nf3 d6 3. Bb5+ Bd7 4.
Bxd7+ Nxd7 5. O-O Ngf6 6. Qe2 g6 7. c3 Bg7 8. d4 O-O 9. Rd1 cxd4 10. cxd4 e6 11.
Nc3 Nb6 12. Bg5 h6 13. Bh4 g5 14. Bg3 Nh5 15. e5 Nxg3 16. hxg3 dxe5 17. dxe5 Qe7 18. Rd4 Rfd8 19. Rad1 Rxd4 20. Rxd4 Rd8 21. Qd3 Rxd4 22. Qxd4 Qd7 23. Qe4 Bf8 24. Nd4 Bc5 25.
Nb3 Be7 26. g4 Kg7 27. g3 f5 28. gxf5 exf5 29. Qe2 Kg6 30. Nd2 Qe6 31. Nf3 Bc5 32.
Kg2 g4 33. Nh4+ Kg7 34. Qd3 Qxe5 35. Nxf5+ Kg6 36. Nh4+ Kg7 37. Qg6+ Kf8 38. Qxh6+ Ke8 39. Qg6+ Kd8 40. Qxg4 Bd4 41. Nf3 1-0

[Event "Early-Titled-Tuesday-Blitz-February-06-2024"]
[Site "Chess.com"]
[Date "2024.02.06"]
[Round "1"]
[White "jk13"]
[Black "eightbyeightchess"]
[Result "1-0"]
[WhiteElo "2674"]
[BlackElo "2360"]
[TimeControl "180+1"]
[EndTime "8:06:28 PST"]
[Termination "jk13 won by checkmate"]

1. e4 d5 2. exd5 Nf6 3. d4 Bg4 4. f3 Bf5 5. c4 c6 6. dxc6 Nxc6 7. d5 Ne5 8. Bf4 Ned7 9. Nc3 e5 10. Be3 Bd6 11. Bd3 Bg6 12. Nge2 a6 13. O-O Nc5 14. Bc2 a5 15. Ng3 O-O 16. Bxg6 hxg6 17. Nge4 Nfxe4 18. Nxe4 Nxe4 19. fxe4 Qh4 20. Qd3 f5 21. c5 fxe4 22. Qc4 Rxf1+ 23. Rxf1 Bf8 24. d6+ Kh7 25. Qd5 Re8 26. Qxb7 Qg4 27. Qd5 Qe2 28. Qxe4 Qxb2 29. h3 Qxa2 30. d7 Rd8 31. c6 Bd6 32. Bb6 Qg8 33. Qh4# 1-0

[Event "Early-Titled-Tuesday-Blitz-February-06-2024"]
[Site "Chess.com"]
[Date "2024.02.06"]
[Round "1"]
[White "vishwa_vijeta"]
[Black "JRenatoMaranhao"]
[Result "1-0"]
[WhiteElo "2549"]
[BlackElo "2026"]
[TimeControl "180+1"]
[EndTime "8:06:28 PST"]
[Termination "vishwa_vijeta won on time"]

1. e4 c6 2. Nc3 d5 3. Nf3 d4 4.
Ne2 c5 5. c3 Nc6 6. Ng3 d3 7. Qa4 Bg4 8. Ne5 Bd7 9. Nxd3 e5 10. Qc2 Nf6 11. b3 Bd6 12. Be2 O-O 13. O-O Be6 14. Bb2 Qc7 15. Rad1 Rac8 16. Nf5 Bxf5 17. exf5 e4 18. Nc1 Bxh2+ 19. Kh1 Be5 20.
d3 exd3 21. Nxd3 1-0

[Event "Early-Titled-Tuesday-Blitz-February-06-2024"]
[Site "Chess.com"]
[Date "2024.02.06"]
[Round "1"]
[White "BogdanDeac"]
[Black "ybothg"]
[Result "1-0"]
[WhiteElo "3033"]
[BlackElo "2518"]
[TimeControl "180+1"]
[EndTime "8:06:29 PST"]
[Termination "BogdanDeac won on time"]

1. b3 Nf6 2. Bb2 g6 3. Nf3 Bg7 4. g3 O-O 5. Bg2 c5 6. c4 Nc6 7. O-O b6 8. d4 cxd4 9. Nxd4 Bb7 10. Nc3 Rc8 11. Rc1 Ne8 12. e3 Nc7 13. Qd2 Ba8 14.
Nde2 Ne6 15. Rfd1 d6 16. Nd5 Nc5 17. Bxg7 Kxg7 18. e4 a5 19. h4 Ne5 20. h5 Bxd5 21. exd5 Qd7 22. Qd4 Kg8 23. f4 Ng4 24. hxg6 fxg6 25.
Bh3 Rf6 26. Nc3 1-0

[Event "Early-Titled-Tuesday-Blitz-February-06-2024"]
[Site "Chess.com"]
[Date "2024.02.06"]
[Round "1"]
[White "le_poisson"]
[Black "temiksmozg"]
[Result "1/2-1/2"]
[WhiteElo "2311"]
[BlackElo "2614"]
[TimeControl "180+1"]
[EndTime "8:06:29 PST"]
[Termination "Game drawn by repetition"]

1. e4 c5 2. Nf3 e6 3. d4 cxd4 4. Nxd4 Nf6 5. Nc3 Nc6 6. Nxc6 bxc6 7. e5 Nd5 8. Ne4 Qc7 9. f4 Qb6 10. c4 Bb4+ 11. Ke2 f5 12. Ng5 Ne7 13. Be3 Qb8 14. a3 Ba5 15. b4 Bc7 16. Kf2 h6 17. Qh5+ g6 18. Qh4 a5 19. Be2 axb4 20. axb4 Rxa1 21. Rxa1 Qxb4 22. Ra8 Bb6 23. Nf7 Bxe3+ 24. Kxe3 Kxf7 25. Qf6+ Kg8 26. Rxc8+ Nxc8 27. Qxg6+ Kf8 28. Qf6+ Kg8 29. Qg6+ Kf8 30. Qf6+ Kg8 31. Qg6+ 1/2-1/2

[Event "Early-Titled-Tuesday-Blitz-February-06-2024"]
[Site "Chess.com"]
[Date "2024.02.06"]
[Round "1"]
[White "GoValya"]
[Black "dennisodessa"]
[Result "0-1"]
[WhiteElo "2280"]
[BlackElo "2615"]
[TimeControl "180+1"]
[EndTime "8:06:29 PST"]
[Termination "dennisodessa won on time"]

1. d4 e6 2. g3 Nf6 3. Bg2 c5 4. Nf3 Nc6 5. c3 d5 6. O-O Be7 7. Nbd2 O-O 8. a3 b6 9. Qc2 Ba6 10. Re1 cxd4 11. cxd4 Rc8 12. Qa4 Bb7 13. b4 Ne4 14.
Bb2 Bf6 15. e3 Nd6 16. Rac1 b5 17. Qb3 Nc4 18. Nxc4 dxc4 19. Qc2 a5 20. Bc3 axb4 21. axb4 Qe7 22. Rb1 Rfd8 23. Ne5 Nxe5 24. dxe5 Bxg2 25. Kxg2 Qb7+ 26. e4 Be7 27. Rbd1 g6 28. f4 Qa8 29.
Kg1 Qa3 30. Rb1 Rd3 31. Bd2 Rcd8 32. Re2 Qa7+ 33. Kg2 Qd7 0-1

[Event "Early-Titled-Tuesday-Blitz-February-06-2024"]
[Site "Chess.com"]
[Date "2024.02.06"]
[Round "1"]
[White "mortngabriel"]
[Black "Rud_Makarian"]
[Result "0-1"]
[WhiteElo "2522"]
[BlackElo "3039"]
[TimeControl "180+1"]
[EndTime "8:06:30 PST"]
[Termination "Rud_Makarian won by resignation"]

1. d4 Nf6 2. Nf3 c5 3. d5 b5 4. Bg5 g6 5. a4 b4 6. e3 Bg7 7.
c3 Bb7 8. c4 Ne4 9. Qc2 Nxg5 10.
Nxg5 O-O 11. Bd3 e6 12. h4 exd5 13. Nxh7 Kxh7 14. h5 Kg8 15. hxg6 Qf6 16. gxf7+ Rxf7 17. Bg6 Re7 18. cxd5 Qxb2 19. Qxc5 Na6 20. Qxe7 Qc1+ 21. Ke2 Qxh1 22. Nd2 Qh6 23. Bf7+ Kh8 24. Rg1 Rf8 25. g4 Bf6 26. g5 Bxe7 0-1

[Event "Early-Titled-Tuesday-Blitz-February-06-2024"]
[Site "Chess.com"]
[Date "2024.02.06"]
[Round "1"]
[White "remyrushbrooke"]
[Black "TimGrutter03"]
[Result "0-1"]
[WhiteElo "2247"]
[BlackElo "2598"]
[TimeControl "180+1"]
[EndTime "8:06:31 PST"]
[Termination "TimGrutter03 won on time"]

1. Nf3 d5 2. g3 Nd7 3. d4 Nb6 4. Bg2 Bg4 5. Ne5 Bf5 6. c4 e6 7. Nc3 Nf6 8. e3 Bb4 9. O-O O-O 10. g4 Bg6 11. h4 h5 12. g5 Bxc3 13. bxc3 Ne4 14.
Nxg6 fxg6 15. Bxe4 dxe4 16. Qc2 Nxc4 17. Qxe4 Qd5 18.
Qxg6 Qf3 19. Qxe6+ Kh8 20. Qxc4 Qg4+ 21. Kh1 Rf3 22.
Qxc7 Rh3+ 23. Qh2 Rxh2+ 24. Kxh2 Qxh4+ 25. Kg1 Qxg5+ 26. Kh1 Qh4+ 27. Kg1 Qg4+ 28. Kh1 Qf3+ 29. Kg1 Re8 30. Rb1 Re4 31. Re1 Rg4+ 32. Kf1 Rh4 0-1